Map: Ephemeron LE

Players

MrHorse - Winner!

  • Race: Zerg Zerg
  • League: Gold
  • Spawn Location: 11:00

Ratl

  • Race: Protoss Protoss
  • League: Silver
  • Spawn Location: 5:00

VOD

Have the link to the VOD?

Description

Time

  • Played on: Jan. 15, 2020, 1:30 p.m.
  • Length: 14:58
Show
View Real Time Build Order
Export as new Build Order

MrHorse Zerg - Winner!

Build Orders: Hatch First 

Get SALT Encoding   

  12  0:05  Drone  
  13  0:13  Overlord  
  13  0:17  Drone  
  14  0:31  Drone  
  14  0:32  Drone  
  16  0:44  Drone  
  17  1:00  Hatchery  
  17  1:04  Drone x2  
  17  1:09  Extractor  
  17  1:11  Drone  
  18  1:21  Spawning Pool  
  18  1:23  Drone  
  18  1:32  Drone  
  19  1:48  Drone  
  20  2:03  Drone  
  20  2:05  Overlord  
  21  2:08  Hatchery  
  21  2:10  Queen  
  22  2:21  Queen  
  24  2:31  Metabolic Boost  
  24  2:36  Zergling x4  
  26  2:54  Zergling x2  
  26  2:55  Zergling x8  
  31  3:03  Lair  
  31  3:09  Queen  
  31  3:12  Drone  
  34  3:15  Drone  
  34  3:18  Drone  
  36  3:28  Queen  
  36  3:33  Drone  
  39  3:34  Drone  
  39  3:37  Drone  
  39  3:40  Drone  
  42  3:48  Evolution Chamber  
  42  3:49  Drone  
  42  3:52  Overlord  
  42  4:09  Overlord  
  42  4:18  Zerg Melee Weapons Level 1  
  42  4:21  Drone x6  
  42  4:22  Drone x2  
  50  4:32  Overseer  
  50  4:35  Drone x5  
  55  5:01  Drone x3  
  55  5:04  Overlord  
  55  5:05  Overlord  
  58  5:39  Drone  
  58  5:40  Drone x6  
  58  5:41  Drone  
  66  5:46  Hydralisk Den  
  66  5:49  Evolution Chamber  
  64  6:04  Spire, Extractor  
  63  6:05  Extractor  
  63  6:07  Extractor  
  60  6:14  Extractor, Drone x2  
  60  6:15  Drone x2  
  60  6:16  Extractor  
  60  6:17  Drone x4  
  66  6:31  Spore Crawler  
  65  6:33  Spore Crawler  
  65  6:35  Spore Crawler  
  65  6:36  Spore Crawler  
  65  6:37  Hatchery  
  65  6:38  Spore Crawler  
  58  6:40  Spore Crawler  
  54  6:51  Queen  
  54  6:53  Queen  
  58  7:00  Zerg Missile Weapons Level 1  
  58  7:04  Drone x3  
  58  7:05  Drone  
  58  7:06  Drone x3  
  58  7:07  Drone x2  
  58  7:08  Drone x3  
  69  7:09  Drone x3  
  69  7:10  Overlord x3  
  69  7:12  Overlord x2  
  69  7:13  Overlord  
  73  7:20  Grooved Spines  
  73  7:28  Queen x2  
  77  7:31  Hydralisk x2  
  77  7:32  Hydralisk  
  77  7:35  Zergling x2  
  77  7:36  Zergling x18  
  93  7:51  Queen  
  93  7:52  Drone  
  93  7:53  Drone x6  
  102  8:03  Queen  
  102  8:04  Queen  
  106  8:17  Hydralisk x6  
  106  8:18  Hydralisk x2  
  122  8:22  Drone  
  122  8:23  Drone  
  122  8:24  Drone  
  125  8:31  Extractor  
  125  8:33  Extractor  
  125  8:34  Spore Crawler  
  122  8:35  Spore Crawler  
  121  8:42  Zerg Ground Armor Level 1  
  121  8:46  Corruptor x4, Infestation Pit  
  128  8:50  Overlord x4  
  128  8:51  Overlord x4  
  128  9:35  Drone x3  
  128  9:36  Drone x3  
  128  9:37  Drone  
  135  9:39  Zerg Melee Weapons Level 2  
  135  9:41  Hive  
  135  9:42  Zerg Flyer Armor Level 1  
  135  9:48  Spire  
  134  9:54  Corruptor x5  
  144  10:07  Muscular Augments  
  144  10:08  Corruptor x2  
  148  10:41  Hydralisk  
  148  10:42  Hydralisk x15  
  154  10:55  Zergling x26  
  145  11:01  Hydralisk x2  
  133  11:33  Hydralisk x10  
  133  11:34  Hydralisk x2  
  133  11:38  Overlord  
  157  11:58  Zergling x10  
  157  11:59  Zergling x2  
  134  12:09  Hydralisk  
  134  12:10  Hydralisk x12  
  138  12:22  Zerg Missile Weapons Level 2  
  126  12:23  Zerg Ground Armor Level 2  
  126  12:26  Hydralisk x8  
  124  12:38  Zergling x2  
  124  12:39  Zergling x6  
  120  12:54  Zergling x14  
  120  12:55  Zergling x18  
  136  13:03  Queen  
  136  13:04  Queen  
  137  13:14  Greater Spire  
  137  13:40  Queen  
  139  13:43  Hatchery  
  138  14:01  Hydralisk x10  
  158  14:04  Overlord x6  
  158  14:05  Overlord  
  158  14:22  Queen  
Show
View Real Time Build Order
Export as new Build Order

Ratl Protoss 

Build Orders:  

Get SALT Encoding   

  12  0:03  Probe  
  13  0:15  Probe  
  14  0:22  Pylon  
  14  0:27  Probe  
  15  0:40  Probe  
  16  0:46  Gateway  
  16  0:52  Probe  
  17  0:57  Gateway  
  17  1:04  Probe  
  17  1:08  Assimilator  
  18  1:16  Probe  
  19  1:23  Assimilator  
  19  1:29  Probe  
  20  1:37  Cybernetics Core  
  20  1:41  Probe  
  21  1:52  Pylon  
  21  1:53  Probe  
  22  2:01  Pylon  
  22  2:05  Probe  
  23  2:16  Stalker  
  23  2:17  Warp Gate (Chrono Boost), Stalker  
  27  2:28  Probe  
  28  2:40  Probe  
  29  2:52  Probe  
  29  2:56  Nexus  
  30  3:04  Probe  
  31  3:07  Pylon  
  31  3:12  Robotics Facility  
  31  3:16  Probe  
  32  3:23  Stalker  
  34  3:28  Probe  
  34  3:29  Stalker  
  37  3:40  Probe  
  38  3:52  Probe  
  39  4:01  Gateway  
  39  4:04  Pylon  
  39  4:12  Probe (Chrono Boost)  
  41  4:17  Probe (Chrono Boost)  
  41  4:18  Immortal  
  41  4:23  Probe (Chrono Boost)  
  46  4:27  Probe (Chrono Boost), Robotics Bay  
  46  4:30  Probe  
  47  4:37  Probe  
  49  4:39  Stalker  
  49  4:42  Probe, Stalker  
  54  4:53  Probe  
  54  4:54  Probe  
  54  4:58  Assimilator  
  56  5:00  Assimilator  
  56  5:05  Probe  
  56  5:06  Probe  
  58  5:08  Forge x2  
  58  5:17  Probe  
  58  5:18  Probe  
  60  5:25  Stalker x2  
  60  5:26  Stalker  
  65  5:29  Probe  
  65  5:32  Protoss Ground Armor Level 1  
  65  5:33  Protoss Ground Weapons Level 1  
  66  5:42  Pylon  
  66  5:44  Probe x2  
  68  5:56  Probe  
  68  5:57  Probe, Pylon  
  70  6:10  Probe x2  
  72  6:15  Colossus (Chrono Boost)  
  78  6:22  Probe x2  
  78  6:25  Stalker x3  
  85  6:34  Probe  
  85  6:37  Probe  
  85  6:47  Pylon  
  85  7:05  Nexus  
  85  7:06  Immortal (Chrono Boost)  
  85  7:07  Twilight Council  
  89  7:08  Assimilator  
  89  7:11  Pylon  
  89  7:12  Probe x2, Robotics Facility  
  91  7:24  Probe x2  
  93  7:32  Stalker x3  
  93  7:34  Assimilator  
  93  7:35  Pylon  
  99  7:38  Pylon  
  99  7:45  Protoss Ground Weapons Level 2 (Chrono Boost)  
  99  7:48  Gateway x2, Colossus (Chrono Boost)  
  99  7:49  Gateway  
  99  7:50  Protoss Ground Armor Level 2 (Chrono Boost)  
  99  7:53  Probe x2  
  99  7:54  Gateway  
  107  8:05  Probe x2  
  109  8:09  Stalker x2  
  113  8:13  Stalker  
  115  8:20  Immortal (Chrono Boost)  
  119  8:41  Probe x3  
  122  8:52  Immortal (Chrono Boost)  
  122  8:53  Immortal (Chrono Boost)  
  130  9:00  Stalker  
  132  9:08  Pylon  
  132  9:11  Pylon  
  132  9:13  Pylon  
  132  9:17  Pylon  
  132  9:20  Pylon  
  132  9:25  Pylon  
  132  9:28  Warp Prism (Chrono Boost)  
  132  9:29  Pylon  
  132  9:30  Colossus (Chrono Boost)  
  134  9:32  Pylon  
  134  9:36  Pylon  
  140  9:56  Disruptor  
  140  9:59  Robotics Facility  
  143  10:01  Robotics Facility  
  143  10:03  Pylon  
  143  10:12  Stalker x3  
  143  10:13  Stalker x4  
  157  10:18  Observer  
  158  10:38  Warp Prism x2  
  158  10:41  Stalker x2  
  158  10:42  Stalker x2  
  128  10:57  Blink (Chrono Boost)  
  122  11:07  Immortal x2  
  122  11:09  Immortal  
  122  11:10  Immortal  
  138  11:24  Stalker x3  
  138  11:25  Stalker x4  
  152  11:46  Warp Prism  
  154  11:59  Stalker x2  
  154  12:00  Stalker x3  
  95  12:29  Gateway  
  85  12:30  Gateway  
  85  12:36  Gateway  
  81  12:38  Gateway  
  81  12:40  Gateway, Stargate x2  
  81  12:42  Stargate  
  73  12:44  Stargate  
  73  12:48  Cybernetics Core  
  69  12:58  Stalker  
  71  12:59  Stalker x4  
  71  13:00  Stalker x2  
  71  13:02  Protoss Air Weapons Level 1  
  66  13:28  Void Ray x4 (Chrono Boost)  
  66  13:33  Fleet Beacon  
  82  13:38  Stargate  
  82  13:39  Stargate  
  82  13:42  Stargate  
  82  13:44  Stargate  
  82  13:55  Immortal x2  
  90  14:04  Void Ray  
  90  14:05  Immortal x2  
  90  14:06  Void Ray  
  106  14:11  Zealot x3  
  96  14:33  Stalker x4  
  96  14:34  Stalker x2  
  74  14:50  Photon Cannon  
Tags
 
Matchup
PvZ
Spawn Locations
Cross Positions
Add a new tag
Caveats
  • Supply blocks, unpowered buildings, or Contaminate may cause inaccurate times.
  • Supply counts are checked every 10 seconds.